 Dungeon Crawl Stone Soup version 0.21-a0-633-g4c047d5 (webtiles) character file.

149 Faca the Shield-Bearer (level 5, 0/42 HPs)
             Began as a Formicid Fighter on Dec 28, 2017.
             Was an Initiate of Okawaru.
             Slain by shenanigans's ghost (10 damage)
             ... on level 3 of the Dungeon.
             The game lasted 00:05:09 (2027 turns).

Faca the Shield-Bearer (Formicid Fighter)           Turns: 2027, Time: 00:05:09

Health: 0/42       AC:  9    Str: 26    XL:     5   Next: 57%
Magic:  5/5        EV:  6    Int: 13    God:    Okawaru [......]
Gold:   190        SH: 10    Dex: 14    Spells: 4/4 levels left

rFire    . . .     SeeInvis +   a - +0 quarterstaff
rCold    . . .     Gourm    .   c - +0 shield
rNeg     . . .     Faith    .   g - +0 chain mail
rPois    .         Spirit   .   (helmet unavailable)
rElec    .         Reflect  .   (no cloak)
rCorr    .         Harm     .   (no gloves)
MR       .....                  (no boots)
Stlth    ..........             (no amulet)
HPRegen  0.14/turn              b - +6 ring of intelligence
MPRegen  0.09/turn              h - +3 ring of dexterity

@: mighty
A: permanent stasis, dig shafts and tunnels, four strong arms, antennae 3
a: Dig, Shaft Self, Renounce Religion


You were on level 3 of the Dungeon.
You worshipped Okawaru.
Okawaru was noncommittal.
You were not hungry.

You visited 1 branch of the dungeon, and saw 3 of its levels.

You collected 190 gold pieces.

Inventory:

Hand Weapons
 a - a +0 quarterstaff (weapon)
Missiles
 k - 77 stones (quivered)
Armour
 c - a +0 shield (worn)
 g - a +0 chain mail (worn)
Jewellery
 b - a +6 ring of intelligence (left hand)
 h - a +3 ring of dexterity (right hand)
Scrolls
 e - 2 scrolls of remove curse
Potions
 i - 2 potions of flight {unknown}
 j - 2 potions of heal wounds
 l - a potion of curing
 m - a potion of mutation {unknown}
 n - a potion of agility {unknown}
 o - a potion of brilliance {unknown}
 p - a potion of degeneration {unknown}
Comestibles
 f - 4 rations


   Skills:
 + Level 4.1 Fighting
 + Level 3.6 Staves
 + Level 3.9 Armour
 + Level 4.7 Shields


You had 4 spell levels left.
You didn't know any spells.

Dungeon Overview and Level Annotations

Branches:
Dungeon (3/15)

Altars:
Ashenzari
Dithmenos
Elyvilon
Fedhas
Kikubaaqudgha
Okawaru
Wu Jian
Xom

Annotations:
D:3 shenanigans's ghost, amateur BaSk


Innate Abilities, Weirdness & Mutations

You cannot be hasted, slowed, berserked, paralysed or teleported.
You can dig through walls and to a lower floor.
Your four strong arms can wield two-handed weapons with a shield.
You have a pair of large antennae on your head. (SInv)


Message History

You block shenanigans's ghost's attack.
Your shield and chain mail prevent you from hitting shenanigans's ghost.
Shenanigans's ghost hits you but does no damage.
You closely miss shenanigans's ghost. Shenanigans's ghost closely misses you.
You completely miss shenanigans's ghost.
Shenanigans's ghost hits you!
* * * LOW HITPOINT WARNING * * *
Your shield and chain mail prevent you from hitting shenanigans's ghost.
Shenanigans's ghost barely misses you.
You sock shenanigans's ghost!
Shenanigans's ghost is moderately damaged.
You block shenanigans's ghost's attack. Shenanigans's ghost hits you.
* * * LOW HITPOINT WARNING * * *
x2 You closely miss shenanigans's ghost.
Shenanigans's ghost is moderately damaged.
Shenanigans's ghost barely misses you.
You barely miss shenanigans's ghost.
Shenanigans's ghost is moderately damaged.
Shenanigans's ghost hits you!
You die...

' #.# #.# .W #.# #.# ...
#.#### #.## .... #.##.##
#.##
.....##.#...#########.#.
.....'..................
....##.#...#########.#.
. #W##.## #.## #@####
#.## #.# #.## #.# #...
#.# ###. #.# #. #.. #.
### #. #. #.


You could see shenanigans's ghost.

Vanquished Creatures
  4 gnolls (D:3)
  3 adders
  3 worms
  2 dart slugs
  4 leopard geckos
  An orc (D:3)
  8 bats
  3 giant cockroaches
  8 goblins
  6 hobgoblins
  6 jackals (D:3)
  7 kobolds
  A ball python (D:1)
  5 frilled lizards
  5 rats
66 creatures vanquished.

Notes
Turn   | Place    | Note
-------+----------+-------------------------------------------
     0 | D:1      | Faca the Formicid Fighter began the quest for the Orb.
     0 | D:1      | Reached XP level 1. HP: 18/18 MP: 1/1
   102 | D:1      | Reached XP level 2. HP: 24/24 MP: 2/2
   278 | D:1      | Reached XP level 3. HP: 28/30 MP: 3/3
   600 | D:2      | Found an iron altar of Okawaru.
   609 | D:2      | Became a worshipper of Warmaster Okawaru
   752 | D:2      | Found an ancient bone altar of Kikubaaqudgha.
   756 | D:2      | Found a blossoming altar of Fedhas.
   800 | D:2      | Reached XP level 4. HP: 37/37 MP: 4/4
   824 | D:2      | Found a white marble altar of Elyvilon.
   894 | D:2      | Found a shattered altar of Ashenzari.
  1184 | D:2      | Found a shimmering altar of Xom.
  1184 | D:2      | Found an ornate altar of the Wu Jian Council.
  1353 | D:3      | Found a shadowy altar of Dithmenos.
  1441 | D:3      | Reached XP level 5. HP: 42/42 MP: 5/5
  2010 | D:3      | Noticed shenanigans's ghost (amateur BaSk)
  2027 | D:3      | Slain by shenanigans's ghost

Vault maps used:
D:1:      elethiomel_arrival_infinity_welcomes_careful_drivers
D:2:      grunt_temple_overflow_growth_and_decay, elyvilon_altar_4,
          okawaru_trees_2, gammafunk_temple_overflow_statue, first_ration,
          serial_bayou_pond_c, ashenzari_altar_1
D:3:      nicolae_dithmenos_shadow_blocks

Skill      XL: |  1  2  3  4 |
---------------+-------------+-----
Shields        | 4 |  4.7
Staves         | 3 |  3.6
Fighting       | 4 |  4.1
Armour         | |  3.9

Action                   |  1- 3 |  4- 6 || total
-------------------------+-------+-------++-------
Melee: Quarterstaff      |   100 |   112 ||   212
  Use: Scroll            |     3 |     3 ||     6
       Potion            |       |     1 ||     1
  Eat: Ration            |       |     1 ||     1
       Chunk             |       |     1 ||     1
Armor: Scale mail        |     7 |       ||     7
       Chain mail        |    46 |    42 ||    88
Dodge: Dodged            |    15 |    28 ||    43
Block: Shield            |    42 |    74 ||   116

Table legend:
 A = Spawn XP
 B = Non-spawn XP
 C = Spawn XP percentage of total XP
 D = Spawn monster count
 E = Non-spawn monster count
 F = Spawn count percentage of total count
 G = Total turns spent on level
                    A         B        C        D         E        F      G
               +---------+---------+-------+---------+---------+-------+---------
         Total |       0 |     214 |   0.0 |       0 |      66 |   0.0 |  2027
               +---------+---------+-------+---------+---------+-------+---------
           D:1 |       0 |      45 |   0.0 |       0 |      27 |   0.0 |   589
           D:2 |       0 |      54 |   0.0 |       0 |      15 |   0.0 |   679
           D:3 |       0 |     115 |   0.0 |       0 |      24 |   0.0 |   759
               +---------+---------+-------+---------+---------+-------+---------
